 Dungeon Crawl Stone Soup version 0.32-a0-711-g016ad743e0 (webtiles) character file.

Game seed: 334118490653372263

350 Griffin23 the Slasher (level 6, -1/56 HPs)
             Began as a Minotaur Fighter on Mar 15, 2024.
             Succumbed to Edmund's poison
             ... on level 4 of the Dungeon.
             The game lasted 00:03:32 (2057 turns).

Griffin23 the Slasher (Minotaur Fighter)            Turns: 2057, Time: 00:03:33

Health: -1/56      AC:  8    Str: 23    XL:     6   Next: 33%
Magic:  5/5        EV:  8    Int: 11    God:
Gold:   115        SH:  4    Dex:  9    Spells: 5/5 levels left

rFire   . . .        a - +0 long sword
rCold   . . .        c - +0 buckler
rNeg    . . .        b - +0 scale mail
rPois   .            (helmet restricted)
rElec   .            (no cloak)
rCorr   .            (no gloves)
SInv    .            h - +0 pair of boots
Will    +....        (no amulet) Stlth
                     i - +6 ring of intelligence
HPRegen 0.29/turn    m - ring of willpower
MPRegen 0.09/turn

%: no passive effects
@: mighty, lethally poisoned (-1 -> -25), about to teleport
A: horns 2, retaliatory headbutt
a: no special abilities


You were on level 4 of the Dungeon.
You visited 1 branch of the dungeon, and saw 4 of its levels.

You collected 159 gold pieces.
You spent 44 gold pieces at shops.

Inventory:

Hand Weapons
 a - a +0 long sword (weapon)
Armour
 b - a +0 scale mail (worn)
 c - a +0 buckler (worn)
 h - a +0 pair of boots (worn)
Jewellery
 i - a +6 ring of intelligence (left hand)
 j - a ring of protection from cold
 m - a ring of willpower (right hand)
Wands
 n - a wand of flame (9)
Scrolls
 e - 2 scrolls of immolation
 f - a scroll of enchant armour
 o - a scroll of butterflies
 p - a scroll of noise
 q - a scroll of fog
Potions
 k - a potion of attraction


   Skills:
 + Level 5.1 Fighting
 * Level 5.3 Long Blades
 + Level 5.0 Armour
 + Level 5.1 Shields


You had 5 spell levels left.
You didn't know any spells.
Your spell library contained the following spells:

 Spells                   Type           Power      Damage    Failure   Level
 Haunt                    Necr/Summ      0%         N/A       100%        7
 Borgnjor's Revivificati  Necr           0%         N/A       100%        8
 Death's Door             Necr           0%         N/A       100%        9


Dungeon Overview and Level Annotations

Branches:
Dungeon (4/15)
 Temple: D:4-7

Altars:

Shops:
D:2 ?

Annotations:
D:4 Edmund


Innate Abilities, Weirdness & Mutations

You have a pair of horns on your head.
You reflexively headbutt those who attack you in melee.


Message History

You closely miss Edmund.
Edmund hits you with a +6 dire flail of venom!
You are poisoned.
You barely miss Edmund. Your headbutt misses Edmund.
You feel very sick.
Edmund hits you with a +6 dire flail of venom.
You are more poisoned.
You hit Edmund but do no damage. Your headbutt misses Edmund.
You feel very sick. Edmund barely misses you.
You closely miss Edmund.
You feel very sick.
Edmund hits you with a +6 dire flail of venom!
You are too injured to fight recklessly!
You are too injured to fight recklessly!
You are too injured to fight recklessly!
You are too injured to fight recklessly!
You feel better. Edmund closely misses you.
You slash Edmund! Your headbutt misses Edmund.
Edmund is lightly wounded.
Edmund barely misses you.
You completely miss Edmund.
Edmund is lightly wounded.
Edmund hits you with a +6 dire flail of venom.
You are poisoned.
You barely miss Edmund. You headbutt Edmund.
Edmund is moderately wounded.
You feel very sick.
Edmund hits you with a +6 dire flail of venom.
You are more poisoned.
Edmund hits you with a +6 dire flail of venom!
* * * LOW HITPOINT WARNING * * *
You are more poisoned.
As you read the scroll labelled AMUIKHL YVUAGGICK, it crumbles to dust.
You feel strangely unstable.
It was a scroll of teleportation.
* * * LOW HITPOINT WARNING * * *
You feel extremely sick. You block Edmund's attack.
You feel very mighty all of a sudden.
You die...

##..... .....# .. .....#
..#. ....# ... ....
#.###.. ... .#
##....@###....
...#.....@.#..## .
..!...........#..
..#.....#....... .
##...##.......
..#.....#....... ..#
##.............#.
##..####..#.......#..###
....<##.#.##.....## ....
..........#..###..#.....


You could see Edmund.

Vanquished Creatures
  Sigmund (D:3)
  A hound (D:3)
  Jessica (D:2)
  Ijyb (D:3)
  Natasha (D:2)
  A gnoll (D:1)
  An adder (D:3)
  3 dart slugs
  A ribbon worm (D:2)
  3 orcs (D:4)
  4 ball pythons
  2 bats
  10 endoplasms
  6 goblins
  3 hobgoblins
  5 quokkas
  5 frilled lizards
  3 kobolds (D:1)
  6 rats
58 creatures vanquished.

Notes
Turn   | Place    | Note
-------+----------+-------------------------------------------
     0 | D:1      | Griffin23 the Minotaur Fighter began the quest for the Orb.
     0 | D:1      | Reached XP level 1. HP: 19/19 MP: 0/0
    85 | D:1      | Reached XP level 2. HP: 24/27 MP: 1/1
   198 | D:1      | Reached XP level 3. HP: 32/33 MP: 2/2
   430 | D:2      | Found Jiga's Magic Scroll Emporium.
   440 | D:2      | Identified the +9 short sword "Demon's Bane" {heavy, rCorr
                  | Dex+2}
   468 | D:2      | Bought a scroll of identify for 22 gold pieces
   468 | D:2      | Bought a scroll of identify for 22 gold pieces
   496 | D:2      | Identified the +4 spear of the Rattlesnake {freeze, Int+4
                  | SInv}
   504 | D:2      | Noticed Jessica
   524 | D:2      | Killed Jessica
   694 | D:2      | Reached XP level 4. HP: 39/40 MP: 3/3
   784 | D:2      | Noticed Natasha
   792 | D:2      | Killed Natasha
  1104 | D:3      | Noticed Ijyb
  1121 | D:3      | Killed Ijyb
  1313 | D:3      | Reached XP level 5. HP: 46/47 MP: 4/4
  1424 | D:3      | Noticed Sigmund
  1432 | D:3      | Killed Sigmund
  1433 | D:3      | Reached skill level 5 in Fighting
  1433 | D:3      | Reached skill level 5 in Long Blades
  1433 | D:3      | Reached skill level 5 in Armour
  1433 | D:3      | Reached skill level 5 in Shields
  1433 | D:3      | Reached XP level 6. HP: 44/56 MP: 5/5
  2044 | D:4      | Noticed Edmund
  2057 | D:4      | Succumbed to Edmund's poison

Illustrated notes

Levels and vault maps discovered:
D:1:      denvon_arrival_waterhouse, layout_rooms
D:2:      layout_rooms, serial_shops, shop, minmay_misc_feat_doors,
          uniq_jessica, uniq_natasha
D:3:      minmay_skewed_foursquare, layout_basic, uniq_ijyb, uniq_sigmund
D:4:      nicolae_cairo_tiling_large_dashed, layout_basic,
          nicolae_overflow_guarded_unrand_okawaru_victory, enter_ossuary_2,
          gammafunk_ghost_grave, uniq_edmund

Skill      XL: |  1  2  3  4  5 |
---------------+----------------+-----
Long Blades    | 3 4 5 |  5.3
Fighting       | 4 5 |  5.1
Armour         | 4 5 |  5.0
Shields        | 4 5 |  5.1

Action                     |  1- 3 |  4- 6 || total
---------------------------+-------+-------++-------
  Melee: Long sword        |    64 |    86 ||   150
         Headbutt          |    12 |    14 ||    26
    Use: Scroll            |     2 |     6 ||     8
         Potion            |       |     2 ||     2
 Armour: Scale mail        |    38 |    61 ||    99
  Dodge: Dodged            |    23 |    38 ||    61
  Block: Buckler           |    15 |    23 ||    38

Table legend: (Time is in decaauts)
 A = Elapsed time spent in this place.
 B = Non-inter-level travel time spent in this place.
 C = Inter-level travel time spent in this place.
 D = Time resting spent in this place.
 E = Time spent auto-exploring this place.
 F = Levels seen in this place.
 G = Mean time per level.
                   A        B        C        D        E       F      G
               +--------+--------+--------+--------+--------+-----+--------+
         Total |   2092 |   1887 |    205 |      0 |   1503 |   4 |  523.0 |
       Dungeon |   2092 |   1887 |    205 |      0 |   1503 |   4 |  523.0 |
               +--------+--------+--------+--------+--------+-----+--------+

Top non-repeatable levels by time:
     D:3: 991 daAuts
     D:2: 588 daAuts
     D:1: 437 daAuts
     D:4: 74 daAuts
